 Dungeon Crawl Stone Soup version 0.20-a0-633-gff4aa5c (webtiles) character file.

77 nikopol the Chopper (level 4, -9/61 HPs)
             Began as a Minotaur Berserker on Feb 11, 2017.
             Was a Believer of Trog.
             Mangled by Iwannabefree's ghost (10 damage)
             ... on level 3 of the Dungeon.
             The game lasted 00:05:56 (2051 turns).

nikopol the Chopper (Minotaur Berserker)            Turns: 2051, Time: 00:05:57

Health: -9/61      AC:  3    Str: 26    XL:     4   Next: 14%
Magic:  3/3        EV: 13    Int:  8    God:    Trog [**....]
Gold:   92         SH:  0    Dex: 11    Spells: 3/3 levels left

rFire    . . .     SeeInvis .   a - +0 hand axe
rCold    . . .     Gourm    .   b - +0 animal skin
rNeg     + . .     Faith    .   (no shield)
rPois    .         Spirit   .   (helmet restricted)
rElec    .         Reflect  .   p - +0 cloak
rCorr    .         Harm     .   (no gloves)
MR       .....                  (no boots)
Stlth    ..........             (no amulet)
Regen    0.2/turn               o - +4 ring of intelligence
                                f - ring of positive energy

@: berserking, very quick
A: retaliatory headbutt, horns 2
a: Berserk, Trog's Hand, Burn Spellbooks, Renounce Religion


You were on level 3 of the Dungeon.
You worshipped Trog.
Trog was pleased with you.
You were very hungry.

You visited 1 branch of the dungeon, and saw 3 of its levels.

You collected 92 gold pieces.

Inventory:

Hand Weapons
 a - a +0 hand axe (weapon)
Armour
 b - a +0 animal skin (worn)
 p - a +0 cloak (worn)
Jewellery
 f - a ring of positive energy (left hand)
 o - a +4 ring of intelligence (right hand)
Scrolls
 e - 3 scrolls of remove curse {unknown}
 g - a scroll of enchant weapon {unknown}
 k - 4 scrolls of identify {unknown}
 m - a scroll of immolation {unknown}
Potions
 d - a potion of brilliance {unknown}
 h - 2 potions of might {unknown}
 i - a potion of resistance {unknown}
 j - 2 potions of curing {unknown}
 n - 2 potions of agility {unknown}
 q - a potion of invisibility {unknown}
Comestibles
 c - a bread ration


   Skills:
 + Level 4.4 Fighting
 + Level 4.6 Axes
 + Level 2.9 Armour
 + Level 2.9 Dodging


You had 3 spell levels left.
You didn't know any spells.

Dungeon Overview and Level Annotations

Branches:
Dungeon (3/15)

Altars:
Makhleb
Vehumet
Xom
Zin

Annotations:
D:3 Iwannabefree's ghost, amateur HOMo


Innate Abilities, Weirdness & Mutations

You reflexively headbutt those who attack you in melee.
You have a pair of horns on your head.


Message History

You are feeling very hungry.
Iwannabefree's ghost hits you.
You hit Iwannabefree's ghost.
Iwannabefree's ghost is lightly damaged.
Iwannabefree's ghost hits you!!
You barely miss Iwannabefree's ghost.
Your headbutt misses Iwannabefree's ghost.
Iwannabefree's ghost is lightly damaged.
Iwannabefree's ghost hits you!!
You closely miss Iwannabefree's ghost.
You headbutt Iwannabefree's ghost, but do no damage.
Iwannabefree's ghost is lightly damaged.
Iwannabefree's ghost hits you!!
* * * LOW HITPOINT WARNING * * *
You barely miss Iwannabefree's ghost.
Iwannabefree's ghost is lightly damaged.
You hit Iwannabefree's ghost.
Iwannabefree's ghost is lightly damaged.
Iwannabefree's ghost hits you!
You die...

###### .....
.... ... #..
#.g
#.#..########
#....@W......
####.########
#. #. #. #.
#[ #.


You could see Iwannabefree's ghost and a hobgoblin.

Vanquished Creatures
  2 adders (D:2)
  2 oozes (D:1)
  A worm (D:2)
  2 dart slugs (D:2)
  3 leopard geckos
  2 giant cockroaches
  3 goblins (D:1)
  10 hobgoblins
  A quokka (D:2)
  5 bats
  A frilled lizard (D:2)
  5 kobolds
  3 rats (D:1)
40 creatures vanquished.

Notes
Turn   | Place    | Note
-------+----------+-------------------------------------------
     0 | D:1      | nikopol the Minotaur Berserker began the quest for the Orb.
     0 | D:1      | Reached XP level 1. HP: 19/19 MP: 0/0
   135 | D:1      | Reached XP level 2. HP: 25/27 MP: 1/1
   920 | D:1      | Reached XP level 3. HP: 33/33 MP: 2/2
  1011 | D:2      | Reached ** piety under Trog
  1211 | D:2      | Found a burning altar of Makhleb.
  1499 | D:2      | Found a glowing silver altar of Zin.
  1501 | D:2      | Noticed an angel
  1504 | D:2      | Found a shimmering altar of Xom.
  1509 | D:2      | Reached XP level 4. HP: 41/41 MP: 3/3
  1683 | D:2      | Found a radiant altar of Vehumet.
  2045 | D:3      | Noticed Iwannabefree's ghost (amateur HOMo)
  2049 | D:3      | HP: 1/61 [Iwannabefree's ghost (22)]
  2051 | D:3      | Mangled by Iwannabefree's ghost

Vault maps used:
D:1:      kennysheep_arrival_forest, minmay_misc_feat_five,
          grunt_decor_one_mirror
D:2:      grunt_temple_overflow_open, grunt_temple_overflow_order_and_chaos_1,
          serial_co_window_serial, co_window_of_opportunity_a,
          co_window_corner_a, co_window_paths_b, co_window_of_opportunity_a,
          co_window_paths_a, co_window_of_opportunity_a, co_window_cross_1,
          co_window_unsneaky_path_c, co_window_broadway_a, co_window_broadway_b,
          co_window_4corner_b
D:3:      first_bread

Skill      XL: |  1  2 |
---------------+-------+-----
Axes           | 4 |  4.6
Fighting       | 4 |  4.4
Armour         | |  2.9
Dodging        | |  2.9

Action                   |  1- 3 |  4- 6 || total
-------------------------+-------+-------++-------
Melee: Hand axe          |    74 |    18 ||    92
       Headbutt          |    15 |     2 ||    17
Invok: Berserk           |       |     1 ||     1
 Stab: Sleeping          |     3 |       ||     3
  Eat: Chunk             |     2 |     1 ||     3
Armor: Animal skin       |     7 |     1 ||     8
Dodge: Dodged            |    50 |     8 ||    58
